 Dungeon Crawl Stone Soup version 0.29-a0-330-g52719c12eb (webtiles) character file.

Game seed: 11976608743454839648

700 kae the Firebug (level 7, -1/45 HPs)
             Began as an Octopode Fire Elementalist on Apr 18, 2022.
             Was an Initiate of Ashenzari.
             Shot with an arrow by a centaur (14 damage)
             ... on level 6 of the Dungeon.
             The game lasted 00:02:42 (6654 turns).

kae the Firebug (Octopode Fire Elementalist)        Turns: 6654, Time: 00:02:43

Health: -1/45      AC:  1    Str:  7    XL:     7   Next: 65%
Magic:  6/11       EV: 14    Int: 19    God:    Ashenzari [......]
Gold:   197        SH:  0    Dex: 13    Spells: 6/12 levels left

rFire   . . .      SeeInvis +   f - +1 short sword
rCold   . . .      Faith    .   (no shield)
rNeg    . . .      Spirit   .   (helmet restricted)
rPois   .          Reflect  .   (no amulet)
rElec   .          Harm     .   v - ring of see invisible
rCorr   .          Rampage  .   (no ring)
Will    .....                   (no ring)
Stlth   ++++......              (no ring)
HPRegen 0.15/turn               (no ring)
MPRegen 0.12/turn               (no ring)
                                (no ring)
                                (no ring)

@: no status effects
A: almost no armour, amphibious, 8 rings, camouflage 1, gelatinous body 1,
(nimble swimmer 1), tentacles
a: Renounce Religion


You were on level 6 of the Dungeon.
You worshipped Ashenzari.
Ashenzari was noncommittal.
You visited 2 branches of the dungeon, and saw 7 of its levels.

You collected 197 gold pieces.

Inventory:

Hand Weapons
 f - a +1 short sword (weapon)
Missiles
 m - a throwing net
Jewellery
 p - an amulet of faith
 v - a ring of see invisible (left tentacle)
 y - a ring of poison resistance
Scrolls
 g - 4 scrolls of enchant armour
 q - 2 scrolls of fear
 s - a scroll of blinking
 t - a scroll of amnesia
 x - a scroll of fog
Potions
 a - a potion of magic
 d - 2 potions of heal wounds
 e - 2 potions of attraction
 h - a potion of haste
 i - 2 potions of flight
 j - a potion of curing {unknown}
 k - a potion of degeneration {unknown}
 l - 3 potions of lignification {unknown}
 n - 2 potions of might {unknown}
 w - a potion of resistance {unknown}


   Skills:
 + Level 2.7 Fighting
 + Level 3.5 Dodging
 + Level 5.0 Stealth
 + Level 3.2 Spellcasting
 + Level 3.1 Conjurations
 * Level 5.3 Fire Magic


You had 6 spell levels left.
You knew the following spells:

 Your Spells              Type           Power      Damage    Failure   Level
a - Foxfire               Conj/Fire      76%        2x1d7     2%          1
b - Scorch                Fire           46%        2d7       2%          2
c - Conjure Flame         Conj/Fire      19%        6-21      8%          3

Your spell library contained the following spells:

 Spells                   Type           Power      Damage    Failure   Level
 Magic Dart               Conj           56%        1d5       4%          1
 Inner Flame              Hex/Fire       13%        N/A       16%         3
 Call Imp                 Summ           3%         N/A       22%         2
 Flame Wave               Conj/Fire      19%        2d6       26%         4
 Mephitic Cloud           Conj/Pois/Air  7%         N/A       28%         3


Dungeon Overview and Level Annotations

Branches:
Dungeon (6/15)             Temple (1/1) D:5

Altars:
Ashenzari
Dithmenos
Elyvilon
Fedhas
Gozag
Hepliaklqana
Kikubaaqudgha
Makhleb
Okawaru
Qazlal
Ru
Sif Muna
Uskayaw
Vehumet
Wu Jian
Xom
Yredelemnul
The Shining One

Shops:
D:1 [


Innate Abilities, Weirdness & Mutations

You cannot wear most types of armour.
You are amphibious.
You can wear up to eight rings at the same time.
Your skin changes colour to match your surroundings (Stealth+).
Your rubbery body absorbs attacks. (AC +1, EV +1)
((You are camouflaged when in or above water. (Stealth+)))
You have tentacles for arms and can constrict up to eight enemies at once.


Message History

The arrow hits you!
The foxfire hits the centaur.
The centaur is lightly wounded.
Casting: Foxfire (safe; 2% risk of failure)
Confirm with . or Enter, or press ? or * to list all spells.
You conjure some foxfire!
The foxfire hits the centaur but does no damage.
The centaur is lightly wounded.
The centaur shoots an arrow.
The arrow completely misses you. The arrow hits your foxfire!
The foxfire hits the centaur.
The centaur is moderately wounded.
The foxfire hits the centaur.
The centaur is moderately wounded.
Casting: Foxfire (safe; 2% risk of failure)
Confirm with . or Enter, or press ? or * to list all spells.
You conjure some foxfire!
The centaur shoots an arrow.
The arrow closely misses you.
The foxfire hits the centaur.
The centaur is moderately wounded.
The foxfire hits the centaur.
The centaur is heavily wounded.
The centaur shoots an arrow.
The arrow hits you!
Casting: Foxfire (safe; 2% risk of failure)
Confirm with . or Enter, or press ? or * to list all spells.
You conjure some foxfire!
The centaur shoots an arrow.
The arrow hits you!
* * * LOW HITPOINT WARNING * * *
The centaur shoots an arrow.
The arrow closely misses you.
The foxfire hits the centaur.
The centaur is severely wounded.
The foxfire hits the centaur.
The centaur is almost dead.
Casting: Foxfire (safe; 2% risk of failure)
Confirm with . or Enter, or press ? or * to list all spells.
Flames lash the centaur.
The centaur is almost dead.
The centaur's fire resistance burns away.
The centaur shoots an arrow.
The arrow barely misses you.
The centaur shoots an arrow.
The arrow hits you!
You die...

#.# .. .. ##+## #.
##...## #.# ##...(.##
#..## ##.......##
#####..§####.........#
.?...c§@...'....[....+
#####.§§####.........#
#..## ##...<...## #.#
##.....## #.. ##...##
#.. ##+## #. #.


You could see a centaur (combustible).

Vanquished Creatures
  A sky beast (D:6)
  An ogre (D:4)
  A bullfrog (D:4)
  A scorpion (D:4)
  2 howler monkeys (D:5)
  2 jellies
  A hound (D:5)
  An iguana (D:3)
  7 gnolls
  6 adders
  An ufetubus (D:5)
  A worm (D:4)
  3 dart slugs
  2 orcs (D:5)
  3 ball pythons
  6 endoplasms
  5 giant cockroaches
  4 hobgoblins
  A quokka (D:1)
  7 bats
  5 frilled lizards
  5 goblins
  4 kobolds
  7 rats
77 creatures vanquished.

Vanquished Creatures (others)
  264 foxfires
264 creatures vanquished.

Grand Total: 341 creatures vanquished

Notes
Turn   | Place    | Note
-------+----------+-------------------------------------------
     0 | D:1      | kae the Octopode Fire Elementalist began the quest for the
                  | Orb.
     0 | D:1      | Reached XP level 1. HP: 11/11 MP: 3/3
   112 | D:1      | Found Alulyul's Antique Armour Boutique.
   237 | D:1      | Reached XP level 2. HP: 11/18 MP: 0/5
   399 | D:1      | Found a faded altar of an unknown god.
  1306 | D:2      | Reached XP level 3. HP: 9/22 MP: 0/6
  1705 | D:2      | You fall into a shaft and drop 1 floor!
  1854 | D:2      | Reached skill level 1 in Fighting
  1854 | D:2      | Reached XP level 4. HP: 23/28 MP: 3/7
  1857 | D:2      | Learned a level 2 spell: Scorch
  1861 | D:2      | Learned a level 3 spell: Conjure Flame
  2793 | D:3      | Reached XP level 5. HP: 33/33 MP: 2/8
  3703 | D:4      | Noticed an ogre
  4069 | D:4      | Killed an ogre
  4070 | D:4      | Reached XP level 6. HP: 39/39 MP: 0/10
  5293 | D:5      | Entered Level 5 of the Dungeon
  5301 | D:5      | Reached XP level 7. HP: 45/45 MP: 7/11
  5317 | D:5      | Reached skill level 5 in Fire Magic
  5451 | D:5      | Found a glowing golden altar of the Shining One.
  5454 | D:5      | Found a stormy altar of Qazlal.
  5673 | D:5      | Found a staircase to the Ecumenical Temple.
  5678 | Temple   | Entered the Ecumenical Temple
  5735 | Temple   | Became a worshipper of Ashenzari the Shackled
  6546 | D:6      | Reached skill level 5 in Stealth
  6574 | D:6      | Noticed a cyclops
  6654 | D:6      | Shot with an arrow by a centaur

Illustrated notes

Levels and vault maps discovered:
D:1:      dpeg_arrival_long_road, layout_rooms, shapermc_ecumenical_altar_venn,
          serial_shops, nicolae_diamond_shop, grunt_decor_arrowhead,
          nicolae_figureground_sparkle
D:2:      layout_rooms, kennysheep_generic_room_14
D:3:      layout_basic
D:4:      layout_layer_cave
D:5:      layout_loops_ring, grunt_temple_overflow_open,
          minmay_temple_entry_glassed_door
D:6:      layout_loops_corners, hangedman_decor_riveting, uniq_edmund
Temple:   nicolae_temple_x_marks_the_god

Skill      XL: |  1  2  3  4  5  6  7 |
---------------+----------------------+-----
Stealth        | 3 4 5 |  5.0
Fighting       | 1 2 |  2.7
Fire Magic     | 4 5 |  5.3
Conjurations   | 2 3 |  3.1
Dodging        | 3 |  3.5
Spellcasting   | 3 |  3.2

Action                   |  1- 3 |  4- 6 |  7- 9 || total
-------------------------+-------+-------+-------++-------
Melee: Unarmed           |     9 |       |       ||     9
       Tentacles         |     4 |     1 |     1 ||     6
       Constrict         |     3 |       |     2 ||     5
       Short sword       |       |     2 |     5 ||     7
 Cast: Foxfire           |    60 |    62 |    31 ||   153
       Scorch            |       |    32 |     8 ||    40
  Use: Scroll            |       |     5 |     9 ||    14
 Stab: Sleeping          |       |       |     1 ||     1
Armor: Skin              |     7 |     3 |     3 ||    13
Dodge: Dodged            |    24 |    19 |    21 ||    64

Table legend: (Time is in decaauts)
 A = Elapsed time spent in this place.
 B = Non-inter-level travel time spent in this place.
 C = Inter-level travel time spent in this place.
 D = Time resting spent in this place.
 E = Time spent auto-exploring this place.
 F = Levels seen in this place.
 G = Mean time per level.
                   A        B        C        D        E       F      G
               +--------+--------+--------+--------+--------+-----+--------+
         Total |   6656 |   6298 |    358 |    288 |   5284 |   7 |  950.9 |
       Dungeon |   6594 |   6250 |    344 |    288 |   5242 |   6 | 1099.0 |
        Temple |     61 |     47 |     14 |      0 |     42 |   1 |   61.0 |
               +--------+--------+--------+--------+--------+-----+--------+

Top non-repeatable levels by time:
     D:3: 1748 daAuts
     D:4: 1412 daAuts
     D:1: 1280 daAuts
     D:5: 1198 daAuts
     D:2: 853 daAuts
     D:6: 101 daAuts
  Temple: 61 daAuts
